Map: Forteresse de fer EC

Players

Emperor

  • Race: Zerg Zerg
  • League: Grandmaster

AgCl - Winner!

  • Race: Protoss Protoss
  • League: Grandmaster

VOD

Have the link to the VOD?

Description

Time

  • Played on: June 15, 2015, 5:26 p.m.
  • Length: 18:04
Show
View Real Time Build Order
Export as new Build Order

Emperor Zerg 

Build Orders: Hatch First, Lurkers 

Get SALT Encoding   

  12  0:01  Drone  
  13  0:12  Overlord  
  13  0:20  Drone  
  14  0:31  Drone x2  
  16  0:38  Drone  
  17  0:45  Drone  
  18  0:58  Hatchery, Drone  
  18  1:12  Spawning Pool  
  18  1:15  Drone  
  18  1:18  Extractor  
  17  1:19  Drone  
  18  1:29  Drone  
  19  1:41  Overlord  
  19  1:50  Drone  
  20  2:03  Queen  
  20  2:05  Zergling x2  
  23  2:13  Zergling x4  
  23  2:14  Queen  
  27  2:23  Zergling x4  
  29  2:31  Overlord  
  29  2:36  Metabolic Boost  
  29  2:38  Queen  
  30  2:45  Zergling x2  
  30  2:46  Zergling x4  
  33  2:54  Queen  
  35  2:59  Drone x2  
  35  3:04  Drone  
  38  3:06  Drone  
  39  3:15  Drone x4  
  43  3:21  Overlord  
  43  3:26  Overlord  
  43  3:37  Overlord x2  
  43  3:40  Extractor x2  
  41  3:43  Extractor  
  41  3:46  Drone  
  41  3:47  Drone x2  
  41  3:48  Drone  
  46  4:00  Lair  
  46  4:05  Spore Crawler  
  46  4:07  Spore Crawler  
  44  4:12  Drone x2  
  44  4:13  Spore Crawler  
  44  4:15  Drone  
  46  4:33  Spine Crawler x2  
  46  4:34  Spine Crawler  
  43  4:43  Zergling x10  
  47  4:48  Drone x3  
  50  4:54  Spore Crawler  
  49  5:00  Drone x3  
  52  5:10  Hydralisk Den  
  52  5:14  Evolution Chamber  
  50  5:17  Drone  
  50  5:18  Evolution Chamber, Drone  
  50  5:21  Drone  
  49  5:38  Drone x4, Extractor  
  49  5:39  Drone x3, Extractor  
  54  5:51  Hydralisk x3  
  54  5:56  Drone x2  
  62  6:03  Hydralisk x2  
  66  6:18  Zerg Missile Weapons Level 1  
  66  6:19  Zerg Ground Armor Level 1  
  66  6:20  Hydralisk x3  
  72  6:27  Muscular Augments  
  70  6:35  Overlord x3  
  59  6:55  Hydralisk x3  
  62  7:05  Hydralisk x3  
  59  7:13  Spore Crawler x2  
  59  7:15  Hydralisk x2  
  61  7:23  Hydralisk  
  63  7:30  Zergling x10  
  68  7:40  Hydralisk x4  
  76  7:46  Drone x3  
  65  8:01  Hydralisk x3  
  58  8:06  Zergling x2  
  58  8:07  Zergling x2  
  60  8:24  Drone x3  
  60  8:25  Drone  
  64  8:29  Drone  
  65  8:36  Hatchery  
  64  8:48  Drone  
  65  8:53  Drone x2  
  65  8:54  Drone x3  
  70  8:57  Hydralisk x2  
  70  8:58  Hydralisk  
  76  9:03  Drone x4  
  81  9:17  Drone x3  
  81  9:20  Overlord  
  81  9:21  Overlord  
  83  9:27  Zerg Missile Weapons Level 2  
  83  9:37  Zerg Ground Armor Level 2  
  83  9:39  Zergling x6  
  86  9:57  Extractor  
  86  9:58  Extractor  
  86  9:59  Spore Crawler  
  83  10:00  Spore Crawler  
  83  10:04  Spine Crawler, Hydralisk x2  
  83  10:05  Spine Crawler  
  83  10:06  Spine Crawler  
  83  10:08  Drone x4  
  83  10:13  Queen  
  89  10:32  Hydralisk x3  
  89  10:33  Hydralisk x4  
  103  10:43  Hydralisk x3  
  103  10:44  Hydralisk  
  111  11:09  Hydralisk  
  113  11:13  Overlord x3  
  112  11:27  Drone x2  
  112  11:28  Overlord x4  
  112  11:29  Overlord  
  114  11:34  Hydralisk x7  
  128  11:46  Infestation Pit  
  127  11:48  Zergling x16  
  125  12:04  Hydralisk x6  
  120  12:21  Hydralisk  
  120  12:22  Hydralisk x5  
  130  12:26  Lurker Den  
  130  12:43  Zergling x6  
  133  12:46  Hatchery  
  105  13:06  Overseer x2  
  105  13:10  Pneumatized Carapace  
  105  13:12  Hydralisk  
  105  13:13  Hydralisk x5  
  117  13:33  Zergling x2  
  117  13:34  Zergling x8  
  122  13:51  Hive  
  122  13:53  Lurker x4  
  122  13:54  Lurker x5  
  131  13:59  Hydralisk, Zergling x2  
  131  14:00  Hydralisk x4  
  131  14:02  Overseer  
  142  14:11  Queen  
  142  14:13  Drone x3  
  142  14:14  Extractor x2  
  145  14:23  Hydralisk x2  
  145  14:24  Hydralisk  
  142  14:43  Hydralisk  
  142  14:44  Hydralisk x4  
  134  14:59  Hydralisk x5  
  144  15:07  Zerg Missile Weapons Level 3  
  142  16:01  Hydralisk  
  142  16:02  Hydralisk x14  
  172  16:10  Spine Crawler  
  171  16:12  Spine Crawler  
  171  16:13  Spine Crawler  
  171  16:15  Spore Crawler  
  168  16:29  Drone  
  168  16:32  Zergling x6  
  172  16:33  Zergling x10  
  177  16:40  Lurker  
  177  16:41  Lurker x4  
  177  16:42  Lurker x2  
  184  16:47  Overlord x2  
  184  17:05  Queen  
  185  17:29  Overlord x2  
  173  17:34  Hydralisk x5  
Show
View Real Time Build Order
Export as new Build Order

AgCl Protoss - Winner!

Build Orders: Oracle Opening, Carrier Rush 

Get SALT Encoding   

  12  0:19  Probe  
  12  0:20  Pylon  
  13  0:22  Assimilator  
  13  0:31  Probe  
  14  0:43  Probe (Chrono Boost)  
  15  0:55  Probe (Chrono Boost)  
  15  0:56  Gateway  
  16  1:03  Probe (Chrono Boost)  
  17  1:13  Probe (Chrono Boost)  
  18  1:24  Pylon  
  18  1:25  Probe (Chrono Boost)  
  19  1:34  Probe (Chrono Boost)  
  19  1:35  Assimilator  
  20  1:42  Probe  
  20  1:44  Zealot (Chrono Boost)  
  20  1:47  Cybernetics Core  
  23  1:54  Probe  
  24  2:01  Pylon  
  24  2:06  Probe (Chrono Boost)  
  25  2:11  Pylon  
  25  2:18  Probe (Chrono Boost)  
  26  2:23  Stargate  
  26  2:26  Probe (Chrono Boost)  
  27  2:32  Warp Gate  
  27  2:35  Probe  
  28  2:43  Adept (Chrono Boost)  
  28  2:48  Mothership Core  
  30  3:06  Oracle  
  33  3:17  Nexus  
  33  3:27  Probe  
  34  3:40  Probe (Chrono Boost)  
  35  3:43  Fleet Beacon  
  35  3:52  Probe (Chrono Boost), Assimilator  
  36  3:59  Probe (Chrono Boost)  
  37  4:05  Carrier (Chrono Boost)  
  37  4:09  Probe  
  38  4:21  Probe  
  38  4:22  Assimilator  
  45  4:34  Probe  
  45  4:35  Probe  
  47  4:42  Gateway  
  47  4:47  Probe (Chrono Boost)  
  47  4:48  Probe (Chrono Boost)  
  49  4:59  Probe (Chrono Boost)  
  51  5:03  Probe (Chrono Boost), Gateway  
  51  5:06  Zealot  
  54  5:07  Probe (Chrono Boost)  
  54  5:10  Probe (Chrono Boost)  
  55  5:16  Carrier (Chrono Boost)  
  55  5:20  Probe x2 (Chrono Boost)  
  60  5:46  Pylon  
  60  5:47  Gateway, Pylon  
  60  5:49  Graviton Catapult  
  60  5:50  Gateway  
  60  5:53  Gateway  
  60  6:00  Pylon  
  60  6:04  Protoss Air Weapons Level 1 (Chrono Boost)  
  60  6:05  Probe x2  
  60  6:06  Carrier (Chrono Boost)  
  62  6:18  Gateway  
  62  6:19  Probe  
  67  6:37  Adept x2  
  67  6:38  Adept  
  73  6:40  Probe  
  72  7:03  Stargate  
  72  7:05  Pylon  
  72  7:09  Adept x2  
  76  7:20  Carrier (Chrono Boost)  
  76  7:28  Robotics Facility  
  76  7:34  Nexus  
  76  7:36  Twilight Council  
  82  7:38  Pylon  
  82  7:50  Protoss Air Weapons Level 2 (Chrono Boost)  
  84  7:52  Phoenix (Chrono Boost)  
  84  7:56  Probe  
  79  8:00  Carrier (Chrono Boost)  
  79  8:10  Pylon  
  79  8:11  Assimilator  
  87  8:20  Mothership Core  
  87  8:23  Pylon  
  87  8:29  Templar Archives  
  87  8:31  Forge  
  87  8:32  Observer, Carrier (Chrono Boost)  
  88  8:47  Psionic Storm, Assimilator  
  88  8:54  Pylon  
  94  9:11  Pylon  
  94  9:12  Forge  
  94  9:16  Pylon  
  94  9:26  Gateway  
  94  9:27  Photon Cannon  
  94  9:33  Pylon  
  94  9:34  High Templar  
  94  9:35  High Templar  
  98  9:51  Charge  
  98  9:58  Protoss Air Weapons Level 3 (Chrono Boost)  
  98  10:07  Protoss Ground Weapons Level 1 (Chrono Boost)  
  98  10:13  Photon Cannon  
  98  10:25  Pylon  
  98  10:27  Gateway  
  98  10:30  Carrier (Chrono Boost)  
  98  10:44  Pylon  
  98  10:45  Pylon  
  98  10:46  Nexus  
  104  11:05  High Templar x2  
  104  11:10  Adept  
  109  11:12  Adept  
  109  11:21  Dark Shrine  
  109  11:27  Assimilator  
  109  11:31  Protoss Shields Level 1 (Chrono Boost)  
  109  11:34  Carrier (Chrono Boost)  
  103  12:04  Archon x2  
  103  12:07  Adept x3  
  94  12:24  High Templar x3  
  94  12:25  High Templar  
  96  12:32  Probe (Chrono Boost)  
  98  12:43  Probe x2 (Chrono Boost)  
  100  12:45  Probe (Chrono Boost)  
  100  12:46  Probe (Chrono Boost)  
  100  12:47  Dark Templar  
  103  12:52  Dark Templar  
  105  13:05  Probe (Chrono Boost)  
  105  13:07  Assimilator  
  105  13:09  Probe (Chrono Boost)  
  105  13:10  Probe x2 (Chrono Boost)  
  103  13:26  Protoss Ground Weapons Level 2 (Chrono Boost)  
  103  13:27  Carrier (Chrono Boost)  
  103  13:28  Observer (Chrono Boost)  
  103  13:29  Protoss Air Armor Level 1 (Chrono Boost)  
  104  13:43  Carrier (Chrono Boost)  
  104  13:47  Observer (Chrono Boost)  
  114  13:49  Probe x3 (Chrono Boost)  
  114  13:54  Probe (Chrono Boost)  
  115  14:00  Probe x2 (Chrono Boost)  
  115  14:02  Zealot  
  125  14:06  Probe (Chrono Boost)  
  125  14:09  Probe (Chrono Boost)  
  129  14:14  Probe (Chrono Boost)  
  129  14:15  Probe (Chrono Boost)  
  129  14:20  Probe (Chrono Boost)  
  129  14:23  Pylon  
  129  14:24  Protoss Shields Level 2 (Chrono Boost)  
  130  14:33  Zealot  
  130  14:42  Archon  
  120  14:50  High Templar x3  
  120  14:51  High Templar  
  128  14:58  Dark Templar, Zealot x2  
  134  15:01  High Templar x2  
  136  15:23  Dark Templar  
  138  15:28  Nexus  
  138  15:32  Carrier x2 (Chrono Boost)  
  134  15:36  Pylon  
  146  16:00  Pylon  
  146  16:01  Stargate  
  146  16:03  Pylon  
  146  16:04  Photon Cannon  
  146  16:08  Zealot  
  148  16:20  Robotics Bay  
  148  16:22  Pylon  
  148  16:24  Assimilator  
  148  16:28  Carrier (Chrono Boost), Photon Cannon  
  148  16:34  Zealot x2  
  152  17:01  Assimilator  
Tags
 
Add a new tag
Caveats
  • Supply blocks, unpowered buildings, or Contaminate may cause inaccurate times.
  • Supply counts are checked every 10 seconds.